AoeStats
← The Goated Grandpa

Arabia

510359046Analyzed
1v1 RM · 1d ago on Sep 30, 2026· 42m 35s· 2 players
Game mode
Random Map
Map size
Tiny (2 player)
Population
200
Speed
Normal
Resources
Standard
Victory
Conquest
Starting age
Dark Age
Ending age
Imperial Age
RankedLock teamsTeams togetherTeam positionsShared explorationLock speedFull tech treeHidden civsTurbo modeCheats
Victory
Defeat
🇹🇷 Slavs · Türkiye
1435
+15
🇺🇸 Ethiopians · United States
1421
-15
The Goated Grandpa
6:40 Loom
9:06 Feudal Age
9:15 Man-at-Arms
10:22 Double-Bit Axe
15:11 Fletching
20:43 Castle Age
19:09 Gold Mining
20:00 Horse Collar
21:01 Padded Archer Armor
20:59 Crossbowman
21:36 Bodkin Arrow
31:44 Stone Mining
36:13 Wheelbarrow
39:36 Imperial Age
37:38 Bow Saw
39:37 Arbalester
40:19 Bracer
40:27 Thumb Ring
43:10 Chemistry
42:31 Ballistics
el-qatil
6:03 Loom
9:12 Feudal Age
10:42 Double-Bit Axe
21:15 Castle Age
20:01 Horse Collar
21:19 Scale Barding Armor
21:24 Forging
21:58 Bloodlines
26:32 Light Cavalry
27:30 Husbandry
28:59 Heavy Plow
32:15 Chain Barding Armor
37:06 Imperial Age
35:27 Bow Saw
36:57 Iron Casting
37:42 Wheelbarrow
36:52 Town Watch
37:32 Fletching
37:07 Hussar
38:14 Bodkin Arrow
39:20 Blast Furnace
39:26 Plate Barding Armor
42:00 Hand Cart
Connection lost

Rejoining the realm…

Still unreachable

The connection could not be restored.

Session expired

The server has moved on; the page needs a fresh start.